Map: Blueshift LE

Players

Oizys

  • Race: Zerg Zerg
  • League: Diamond
  • Spawn Location: 7:00

CynderQuil - Winner!

  • Race: Protoss Protoss
  • League: Platinum
  • Spawn Location: 1:00

VOD

Have the link to the VOD?

Description

Time

  • Played on: Oct. 18, 2018, 9:32 p.m.
  • Length: 12:18
Show
View Real Time Build Order
Export as new Build Order

Oizys Zerg 

Build Orders: Hatch First 

Get SALT Encoding   

  12  0:01  Drone  
  13  0:13  Overlord  
  13  0:17  Drone  
  14  0:31  Drone x2  
  16  0:37  Drone  
  17  0:52  Hatchery  
  16  0:57  Drone  
  16  1:00  Drone, Extractor  
  17  1:08  Drone  
  18  1:18  Drone  
  19  1:24  Spawning Pool  
  18  1:29  Drone  
  19  1:39  Overlord  
  19  1:52  Drone  
  20  2:12  Drone  
  20  2:14  Zergling x4  
  23  2:15  Queen  
  23  2:16  Metabolic Boost, Queen  
  23  2:20  Overlord  
  27  2:24  Drone  
  28  2:45  Drone  
  28  2:46  Drone x3  
  28  2:48  Drone  
  33  3:05  Overlord  
  33  3:13  Overlord  
  33  3:14  Hatchery  
  33  3:15  Drone  
  33  3:16  Drone  
  33  3:17  Queen  
  36  3:23  Drone x2  
  38  3:36  Drone  
  38  3:37  Drone x3  
  38  3:38  Drone  
  43  3:53  Drone x2  
  43  3:54  Drone x3  
  48  3:59  Drone  
  48  4:00  Roach Warren  
  48  4:05  Extractor x2  
  46  4:17  Overlord  
  46  4:19  Overlord  
  46  4:23  Lair  
  46  4:26  Drone, Extractor  
  46  4:27  Drone  
  46  4:28  Drone x2  
  49  4:33  Drone  
  49  4:34  Drone  
  51  4:38  Drone  
  51  4:40  Overlord x3  
  52  4:50  Spore Crawler  
  52  4:52  Drone  
  52  4:58  Spore Crawler, Drone x2  
  52  4:59  Drone  
  54  5:33  Drone  
  54  5:35  Hydralisk Den  
  54  5:40  Evolution Chamber  
  54  5:41  Evolution Chamber  
  52  5:50  Spore Crawler  
  51  6:03  Spore Crawler x2  
  49  6:05  Spore Crawler, Drone x2  
  49  6:06  Spore Crawler, Drone x2  
  49  6:08  Zerg Ground Armor Level 1, Zerg Missile Weapons Level 1  
  49  6:10  Grooved Spines  
  51  6:16  Overlord x3  
  51  6:17  Hydralisk x7  
  65  6:41  Infestation Pit  
  64  6:58  Drone x2  
  64  7:00  Zergling x2  
  64  7:01  Hydralisk x2, Zergling x6  
  70  7:08  Overlord x4  
  74  7:26  Drone x11  
  85  7:44  Muscular Augments  
  85  7:46  Hive  
  85  7:48  Pneumatized Carapace  
  85  7:51  Drone x5  
  87  7:52  Hatchery, Overlord  
  87  7:53  Overlord  
  89  8:03  Hatchery  
  88  8:11  Drone x5  
  93  8:14  Extractor  
  93  8:15  Extractor  
  91  8:24  Drone  
  91  8:25  Drone x3  
  95  8:33  Zerg Missile Weapons Level 2  
  95  8:34  Zerg Ground Armor Level 2  
  95  8:36  Roach  
  95  8:37  Roach x4  
  105  8:42  Extractor  
  105  8:46  Extractor  
  103  9:11  Spore Crawler  
  103  9:14  Queen  
  104  9:38  Zergling x2  
  105  9:39  Zergling x2  
  105  9:40  Zergling x8  
  105  9:41  Roach, Zergling x6  
  105  9:42  Roach x6  
  127  9:48  Overlord x2  
  127  9:53  Drone  
  127  9:54  Overlord  
  128  10:06  Ultralisk Cavern  
  127  10:15  Evolution Chamber  
  126  10:24  Roach x12  
  126  10:27  Queen  
  152  10:39  Overlord x5  
  152  10:42  Overseer x5  
  152  10:52  Overlord x6  
  152  11:02  Roach  
  152  11:03  Roach x8  
  170  11:10  Hatchery  
  169  11:15  Drone x9  
  178  11:24  Hydralisk  
  178  11:25  Hydralisk x2  
  172  11:33  Hydralisk  
  172  11:34  Hydralisk x3  
  114  11:47  Hydralisk  
  114  11:48  Hydralisk x5  
Show
View Real Time Build Order
Export as new Build Order

CynderQuil Protoss - Winner!

Build Orders:  

Get SALT Encoding   

  12  0:10  Probe  
  13  0:22  Probe  
  13  0:27  Pylon  
  14  0:34  Probe  
  14  0:35  Assimilator  
  15  0:47  Probe  
  16  0:51  Assimilator  
  16  0:59  Probe  
  16  1:02  Gateway  
  17  1:11  Probe  
  18  1:12  Gateway  
  18  1:19  Probe  
  19  1:27  Probe  
  20  1:35  Forge  
  20  1:37  Probe  
  21  1:52  Cybernetics Core  
  21  1:56  Pylon  
  21  2:01  Pylon  
  21  2:04  Zealot  
  23  2:10  Warp Gate  
  23  2:19  Probe  
  24  2:34  Stalker  
  26  2:49  Nexus  
  26  2:52  Probe  
  27  2:59  Protoss Ground Weapons Level 1  
  27  3:18  Probe  
  28  3:21  Pylon  
  28  3:27  Stargate  
  28  3:30  Probe  
  29  3:42  Probe  
  30  3:54  Probe  
  31  4:02  Robotics Facility  
  31  4:04  Phoenix  
  31  4:07  Probe x2, Assimilator  
  33  4:10  Pylon  
  35  4:24  Phoenix  
  37  4:37  Probe x2  
  39  4:48  Phoenix  
  39  4:49  Probe  
  39  4:51  Immortal  
  46  5:02  Probe x2  
  48  5:07  Pylon  
  48  5:09  Pylon  
  48  5:14  Probe  
  49  5:23  Probe  
  49  5:26  Probe  
  51  5:30  Robotics Bay  
  51  5:34  Twilight Council  
  51  5:36  Probe, Pylon  
  51  5:38  Probe  
  53  5:48  Probe  
  54  5:50  Probe  
  54  5:53  Phoenix  
  57  6:00  Immortal, Probe, Assimilator  
  62  6:04  Stalker  
  62  6:05  Stalker  
  66  6:27  Probe x2  
  66  6:32  Extended Thermal Lance, Blink  
  68  6:34  Stalker  
  68  6:35  Stalker  
  72  6:54  Protoss Ground Weapons Level 2  
  72  6:55  Nexus  
  72  6:59  Pylon  
  72  7:01  Pylon  
  72  7:02  Observer  
  72  7:04  Assimilator  
  73  7:09  Assimilator  
  73  7:15  Probe x2  
  75  7:20  Colossus  
  75  7:27  Probe x2  
  83  7:37  Robotics Facility  
  83  7:39  Probe x2  
  85  7:44  Stalker  
  85  7:46  Stalker  
  85  7:49  Pylon  
  89  7:52  Gateway  
  89  7:58  Probe x2  
  91  7:59  Gateway  
  91  8:10  Probe x2  
  91  8:11  Probe  
  94  8:14  Stalker x2  
  94  8:18  Observer Gravitic Boosters  
  98  8:22  Probe x2  
  98  8:23  Colossus  
  98  8:24  Probe  
  107  8:33  Colossus  
  113  8:52  Gateway  
  113  8:54  Gateway  
  113  8:55  Gateway  
  113  9:00  Photon Cannon  
  113  9:04  Photon Cannon  
  113  9:06  Pylon  
  113  9:07  Pylon  
  113  9:09  Immortal, Pylon  
  117  9:24  Stalker x3  
  117  9:25  Immortal  
  117  9:26  Stalker  
  129  9:50  Stalker x2  
  129  9:51  Stalker x2  
  137  9:58  Warp Prism, Pylon x2  
  137  10:00  Pylon  
  137  10:01  Pylon  
  137  10:02  Pylon  
  137  10:03  Gravitic Drive  
  139  10:24  Stalker x2  
  139  10:25  Stalker x4  
  139  10:27  Stalker, Immortal  
  157  10:44  Nexus  
  161  10:57  Immortal  
  161  11:06  Probe  
  161  11:07  Probe  
  151  11:36  Stalker x2  
  151  11:37  Stalker x4  
  151  11:38  Stalker  
  133  12:01  Stalker x3  
  133  12:02  Stalker  
  133  12:04  Stalker  
  133  12:05  Stalker  
Tags
 
Add a new tag
Caveats
  • Supply blocks, unpowered buildings, or Contaminate may cause inaccurate times.
  • Supply counts are checked every 10 seconds.